 Dungeon Crawl Stone Soup version 0.28.0-47-ge53b351184 (webtiles) character file.

Game seed: 15533143661905045906

1897 101zpm the Thaumaturge (level 9, 0/55 HPs)
             Began as a Djinni Fire Elementalist on May 6, 2022.
             Hit by a large rock thrown by a cyclops (34 damage)
             ... on level 9 of the Dungeon.
             The game lasted 00:16:40 (9822 turns).

101zpm the Thaumaturge (Djinni Fire Elementalist)   Turns: 9822, Time: 00:16:41

Health: 0/55       AC:  6    Str:  7    XL:     9   Next: 37%
Gold:   193        EV: 13    Int: 20    God:
                   SH:  0    Dex: 15

rFire   + . .      SeeInvis .   v - +2 trident (flame)
rCold   . . .      Faith    .   (no shield)
rNeg    . . .      Spirit   .   a - +0 robe
rPois   ∞          Reflect  .   (no helmet)
rElec   .          Harm     .   (no cloak)
rCorr   .          Rampage  .   (no gloves)
Will    .....                   (boots unavailable)
Stlth   ++........              (no amulet)
HPRegen 0.18/turn               f - ring of ice
MPRegen 0.00/turn               B - +4 ring of protection

@: flying
A: sickness immunity, fire resistance 2, cold vulnerability 1, float, innate
caster, HP casting, extra vitality 1
a: no special abilities


You were on level 9 of the Dungeon.
You visited 2 branches of the dungeon, and saw 10 of its levels.

You collected 227 gold pieces.
You spent 34 gold pieces at shops.

Inventory:

Hand Weapons
 v - a +2 trident of flaming (weapon)
Missiles
 m - a throwing net
Armour
 a - a +0 robe (worn)
 y - a +0 tower shield
Jewellery
 f - a ring of ice (left hand)
 A - a ring of willpower
 B - a +4 ring of protection (right hand)
Wands
 b - a wand of acid (4)
 n - a wand of iceblast (8)
 x - a wand of flame (7)
Scrolls
 c - 2 scrolls of amnesia
 d - a scroll of immolation
 e - a scroll of identify
 g - 2 scrolls of noise
 k - a scroll of blinking {unknown}
 o - a scroll of acquirement {unknown}
 p - 3 scrolls of teleportation {unknown}
 q - a scroll of fog {unknown}
 r - a scroll of magic mapping {unknown}
 s - a scroll of vulnerability {unknown}
 t - a scroll of holy word {unknown}
 D - a scroll of fear {unknown}
Potions
 h - 3 potions of degeneration {unknown}
 i - 2 potions of heal wounds {unknown}
 j - a potion of cancellation {unknown}
 l - a potion of mutation {unknown}
 u - 2 potions of haste {unknown}
 w - 2 potions of brilliance {unknown}
 z - a potion of curing {unknown}
 C - a potion of might {unknown}


   Skills:
 + Level 2.8 Dodging
 + Level 3.4 Stealth
 + Level 8.8 Spellcasting


You had 3 spell levels left.
You knew the following spells:

 Your Spells              Type           Power      Damage    Failure   Level
a - Foxfire               Conj/Fire      100%       2x1d9     1%          1
b - Scorch                Fire           88%        2d9       1%          2
c - Conjure Flame         Conj/Fire      44%        6-21      1%          3
d - Inner Flame           Hex/Fire       44%        N/A       1%          3
e - Flame Wave            Conj/Fire      44%        2d10      1%          4
f - Slow                  Hex            100%       N/A       1%          1
g - Poisonous Vapours     Pois/Air       88%        N/A       1%          2
h - Summon Guardian Gole  Hex/Summ       44%        N/A       1%          3
i - Dazzling Flash        Conj/Hex       88%        N/A       1%          3
Your spell library was empty.

Dungeon Overview and Level Annotations

Branches:
Dungeon (9/15)             Temple (1/1) D:4
   Lair: D:8-11         Orc: D:9-12

Altars:
Ashenzari
Cheibriados
Dithmenos
Elyvilon
Fedhas
Gozag
Hepliaklqana
Kikubaaqudgha
Makhleb
Nemelex Xobeh
Okawaru
Qazlal
Ru
Sif Muna
Trog
Uskayaw
Vehumet
Wu Jian
Xom
Yredelemnul
Zin
The Shining One

Shops:
D:2 [   D:5 !   D:7 *   D:9 ?*


Innate Abilities, Weirdness & Mutations

You are immune to sickness and miasma.
You are immune to poison.
Your flesh is very heat resistant. (rF++)
You are vulnerable to cold. (rC-)
You float through the air rather than walking.
You learn spells naturally, not from books.
Your magical power is your life essence.
You have superior vitality. (+4 MHP)


Message History

The wyvern is lightly wounded.
You conjure some foxfire!
The foxfire hits the wyvern.
Flame seeps out of the wyvern.
The wyvern is moderately wounded.
A cyclops comes into view.
Casting: Foxfire (safe; 1% risk of failure)
Confirm with . or Enter, or press ? or * to list all spells.
Aiming: Inner Flame (safe; 1% risk of failure)
Press: ? - help, Dir - move target, f - cyclops
Aim: a cyclops, quivering large rocks (chance to affect: 80%)
The cyclops is filled with an intense inner flame!
The wyvern is engulfed in blazing flames.
Flame seeps out of the wyvern.
The foxfire hits the wyvern.
Flame seeps out of the wyvern.
The wyvern is severely wounded.
The foxfire hits the wyvern but does no damage.
The wyvern is severely wounded.
The wyvern is engulfed in blazing flames.
Flame seeps out of the wyvern.
Casting: Inner Flame (safe; 1% risk of failure)
Confirm with . or Enter, or press ? or * to list all spells.
Flames lash the wyvern.
The wyvern explodes!
Casting: Foxfire (safe; 1% risk of failure)
Press: ? - help, Q - select action, (/) - cycle Dir - look around, f - activate You conjure some foxfire!
Casting: Foxfire (safe; 1% risk of failure)
Confirm with . or Enter, or press ? or * to list all spells.
Flames lash the cyclops.
Flame seeps out of the cyclops.
The cyclops is lightly wounded.
The cyclops's fire resistance burns away.
The foxfire hits the cyclops but does no damage.
The cyclops is lightly wounded.
The foxfire hits the cyclops.
Flame seeps out of the cyclops.
The cyclops is moderately wounded.
The cyclops is engulfed in blazing flames.
Flame seeps out of the cyclops.
The cyclops throws a large rock.
The large rock hits you!!
Ouch! That really hurt!
You die...

................#
................#
..............).#########.
..........................
.............###..........
#####........+ #○.........
#........###C.........
#..........§..........
#..........§@..§......
#.............§§......
#...........>.§.......
#....................
...§§○.........
...○)§.).......
...○.§°)......$
...............


You could see a cyclops (inner flame, combustible).

Vanquished Creatures
  2 wyverns (D:9)
  A water moccasin (D:7)
  An ice beast (D:6)
  An orc warrior (D:6)
  A necrophage (D:6)
  2 ogres
  A centaur (D:7)
  A phantom (D:2)
  A kobold brigand (D:7)
  A bullfrog (D:9)
  2 scorpions (D:6)
  A water moccasin zombie (D:6)
  4 killer bees (D:6)
  4 hounds
  2 orc priests (D:9)
  2 orc wizards (D:9)
  A howler monkey zombie (D:9)
  3 gnolls (D:3)
  A howler monkey skeleton (D:7)
  5 adders
  A white imp (D:6)
  An ufetubus (D:4)
  4 worms (D:2)
  3 dart slugs
  8 orcs
  4 bats
  2 endoplasms
  4 giant cockroaches (D:1)
  10 goblins
  5 hobgoblins
  3 jackals (D:1)
  3 quokkas
  4 ball pythons
  3 frilled lizards (D:1)
  8 kobolds
  5 rats
105 creatures vanquished.

Vanquished Creatures (others)
  664 foxfires
664 creatures vanquished.

Grand Total: 769 creatures vanquished

Notes
Turn   | Place    | Note
-------+----------+-------------------------------------------
     0 | D:1      | 101zpm the Djinni Fire Elementalist began the quest for the
                  | Orb.
     0 | D:1      | Reached XP level 1. HP: 15/15 MP: 0/0
   343 | D:2      | Reached XP level 2. HP: 4/21 MP: 0/0
   697 | D:2      | Noticed a phantom
   723 | D:2      | Killed a phantom
   724 | D:2      | Reached skill level 3 in Spellcasting
   724 | D:2      | Reached XP level 3. HP: 11/25 MP: 0/0
   724 | D:2      | Learned a level 1 spell: Slow
   724 | D:2      | Reached XP level 4. HP: 14/31 MP: 0/0
  1012 | D:2      | Reached XP level 5. HP: 30/35 MP: 0/0
  1012 | D:2      | Learned a level 2 spell: Poisonous Vapours
  1202 | D:2      | Found Nudipn's Armour Boutique.
  2312 | D:1      | Reached skill level 4 in Spellcasting
  4484 | D:3      | Reached XP level 6. HP: 28/40 MP: 0/0
  5022 | D:3      | Found a faded altar of an unknown god.
  5536 | D:4      | Found a staircase to the Ecumenical Temple.
  5547 | Temple   | Entered the Ecumenical Temple
  5894 | D:5      | Entered Level 5 of the Dungeon
  5894 | D:5      | Found Dorugizu's Distillery.
  5920 | D:6      | Reached skill level 5 in Spellcasting
  5927 | D:6      | Noticed a necrophage
  5932 | D:6      | Killed a necrophage
  5933 | D:6      | Reached XP level 7. HP: 5/45 MP: 0/0
  5933 | D:6      | Learned a level 3 spell: Summon Guardian Golem
  6469 | D:6      | Reached skill level 6 in Spellcasting
  7003 | D:6      | Reached XP level 8. HP: 20/50 MP: 0/0
  7551 | D:6      | Reached skill level 7 in Spellcasting
  8334 | D:7      | Found an opulent altar of Gozag.
  8608 | D:7      | Reached XP level 9. HP: 37/55 MP: 0/0
  8608 | D:7      | Learned a level 3 spell: Dazzling Flash
  8934 | D:7      | Found Boymaly's Gadget Gallery.
  9065 | D:7      | Reached skill level 8 in Spellcasting
  9308 | D:9      | Found Quhirr Duom's Magic Scroll Shop.
  9322 | D:9      | Bought a scroll of identify for 34 gold pieces
  9766 | D:9      | Found Nyacuf's General Store.
  9817 | D:9      | Noticed a cyclops
  9822 | D:9      | Hit by a large rock thrown by a cyclops

Illustrated notes

Levels and vault maps discovered:
D:1:      dpeg_arrival_refuge, layout_loops_corners,
          chequers_serial_rivers_micro_e
D:2:      kb_forest_paths, layout_basic, serial_shops, shop, minmay_misc_feat_x,
          minmay_misc_feat_rugged
D:3:      layout_basic, basic_ecumenical_altar
D:4:      minmay_diamond_boxcup, layout_cave_pools,
          minmay_temple_entry_large_hall, serial_shops, nicolae_shop_crystal,
          minmay_tree_intersection, uniq_eustachio
D:5:      layout_loops_corners, serial_shops, nicolae_stop_n_shop_2,
          hangedman_abyss_or_decor_jellyfish_corner
D:6:      layout_cave_pods
D:7:      layout_loops_cross, mainiacjoe_overflow_brackets,
          chequers_serial_rivers_small_a, nicolae_shop_gadgets
D:8:      layout_loops_ring, lair_entry_dummy, enter_bailey_6,
          nicolae_lava_and_water, hangedman_misty_isle, uniq_psyche
D:9:      layout_long_grid, orc_0_dummy, serial_shops, nicolae_shop_crystal,
          nicolae_stop_n_shop_2, kennysheep_mini, shop,
          minmay_misc_feat_enclosed, minmay_three_doors
Temple:   regret_index_temple_sigil_plot

Skill      XL: |  1  2  3  4  5  6  7  8  9 |
---------------+----------------------------+-----
Stealth        | 2 3 |  3.4
Spellcasting   | 3 4 5 6 7 8 |  8.8
Dodging        | |  2.8

Action                   |  1- 3 |  4- 6 |  7- 9 || total
-------------------------+-------+-------+-------++-------
Melee: Unarmed           |       |     1 |       ||     1
 Cast: Foxfire           |    31 |   255 |   137 ||   423
       Scorch            |       |    17 |    12 ||    29
       Inner Flame       |       |     7 |    38 ||    45
       Summon Guardian G |       |       |     6 ||     6
  Use: Scroll            |       |       |     3 ||     3
Dodge: Dodged            |    12 |     5 |     3 ||    20
